 Dungeon Crawl Stone Soup version 0.31.0-11-ge490571c62 (webtiles) character file.

Game seed: 14037371669180021138

8 Flugkiller the Firebug (level 2, -3/20 HPs)
             Began as a Ghoul Fire Elementalist on Jan 29, 2024.
             Slain by a quokka (4 damage)
             ... on level 1 of the Dungeon.
             The game lasted 00:00:19 (207 turns).

Flugkiller the Firebug (Ghoul Fire Elementalist)     Turns: 207, Time: 00:00:19

Health: -3/20      AC:  2    Str: 11    XL:     2   Next: 8%
Magic:  0/4        EV: 12    Int: 14    God:
Gold:   18         SH:  0    Dex:  9    Spells: 3/4 levels left

rFire   . . .        c - +0 short sword
rCold   + . .        (no shield)
rNeg    + + +        a - +0 robe
rPois   ∞            (no helmet)
rElec   .            (no cloak)
rCorr   .            (no gloves)
SInv    .            (no boots)
Will    .....        (no amulet)
Stlth   ++           (no ring)
HPRegen 0.00/turn    (no ring)
MPRegen 0.09/turn

%: no passive effects
@: inhibited regen
A: claws 1, cold resistance 1, negative energy resistance 3, inhibited
regeneration, torment resistance 2, devour on kill
a: no special abilities


You were on level 1 of the Dungeon.
You visited 1 branch of the dungeon, and saw 1 of its levels.

You collected 18 gold pieces.

Inventory:

Hand Weapons
 c - a +0 short sword (weapon)
   (You took it off a kobold on level 1 of the Dungeon)
Armour
 a - a +0 robe (worn)
Scrolls
 d - a scroll of poison {unknown}
 e - a scroll of identify {unknown}
Potions
 b - a potion of magic


   Skills:
 - Level 1.7 Dodging
 - Level 2.1 Stealth
 + Level 1.9 Spellcasting
 + Level 1.0 Conjurations
 * Level 2.7 Fire Magic


You had 3 spell levels left.
You knew the following spells:

 Your Spells              Type           Power      Damage    Failure   Level
a - Foxfire               Conj/Fire      24%        2x1d5     11%         1

Your spell library contained the following spells:

 Spells                   Type           Power      Damage    Failure   Level
 Scorch                   Fire           16%        2d5       12%         2
 Inner Flame              Hex/Fire       5%         N/A       38%         3
 Volatile Blastmotes      Fire/Tloc      10%        2d10      38%         3
 Flame Wave               Conj/Fire      6%         2d5       73%         4


Dungeon Overview and Level Annotations

Branches:
Dungeon (1/15) Zot: 5792

Altars:


Innate Abilities, Weirdness & Mutations

You are immune to poison.
You have sharp fingernails.
Your flesh is cold resistant. (rC+)
You are immune to negative energy. (rN+++)
You do not regenerate when monsters are visible.
You are immune to unholy pain and torment.
You thrive by killing the living.


Message History

The foxfire hits the goblin.
You kill the goblin!
Your foxfire dissipates!
Your foxfire dissipates!
A rat comes into view.
A rat is nearby!
Unknown command.
Found 5 gold pieces.
Casting: Foxfire (safe; 12% risk of failure)
Confirm with . or Enter, or press ? or * to list all spells.
You don't have enough magic to cast this spell.
You see here 10 gold pieces.
You see here 10 gold pieces.
A ball python comes into view.
The ball python hisses angrily.
You hit the rat.
You kill the rat!
Your Conjurations skill increases to level 1!
Found a scroll labelled ATUNTU JUNOAR.
A frilled lizard comes into view.
You see here a scroll labelled LAANTUH PIRI.
A quokka comes into view.
The frilled lizard hisses angrily.
You hit the ball python.
You kill the ball python!
You miss the frilled lizard. The frilled lizard bites you.
You barely miss the frilled lizard. The frilled lizard closely misses you.
The quokka bites you.
You hit the frilled lizard.
You kill the frilled lizard!
You feel better. The quokka barely misses you.
You have reached level 2!
You hit the quokka.
The quokka is heavily wounded.
The quokka misses you.
You closely miss the quokka.
The quokka is heavily wounded.
The quokka closely misses you. The quokka bites you.
You hit the quokka but do no damage.
The quokka is heavily wounded.
The quokka closely misses you.
You barely miss the quokka.
The quokka is heavily wounded.
The quokka bites you but does no damage.
You barely miss the quokka.
The quokka is heavily wounded.
The quokka closely misses you.
You hit the quokka.
The quokka is almost dead.
The quokka barely misses you.
You miss the quokka.
The quokka is almost dead.
A giant cockroach comes into view.
The quokka bites you. The quokka barely misses you.
You miss the quokka.
The quokka is almost dead.
The quokka misses you.
You are too injured to fight recklessly!
You are too injured to fight recklessly!
You barely miss the quokka.
The quokka is almost dead.
The quokka bites you.
You are too injured to fight recklessly!
You hit the quokka but do no damage.
The quokka is severely wounded.
The giant cockroach bites you. The quokka barely misses you.
You are too injured to fight recklessly!
You are too injured to fight recklessly!
You hit the quokka but do no damage.
The quokka is severely wounded.
The giant cockroach barely misses you. The quokka misses you.
Casting: Foxfire (safe; 12% risk of failure)
Confirm with . or Enter, or press ? or * to list all spells.
You conjure some foxfire!
The giant cockroach bites you.
* * * LOW HITPOINT WARNING * * *
The quokka misses you. The quokka barely misses you.
The giant cockroach barely misses you.
Found a glowing leather armour and a spear.
The foxfire hits the giant cockroach.
The giant cockroach is moderately wounded.
The foxfire hits the giant cockroach.
The giant cockroach is severely wounded.
The giant cockroach attacks as it pursues you!
The giant cockroach misses you.
Casting: Foxfire (safe; 12% risk of failure)
Confirm with . or Enter, or press ? or * to list all spells.
You conjure some foxfire!
The quokka bites you.
* * * LOW HITPOINT WARNING * * *
The giant cockroach completely misses you.
The foxfire hits the giant cockroach.
The giant cockroach is almost dead.
The foxfire hits the giant cockroach.
You kill the giant cockroach!
You feel better. The quokka attacks as it pursues you! The quokka bites you.
* * * LOW HITPOINT WARNING * * *
Things that are here:
a +0 leather armour; a +0 short sword You hit the quokka but do no damage.
The quokka is severely wounded.
The quokka bites you.
You die...

. ##. .. ##.?#
.# #).8$# .#
[...#. ## 8...
#.## #)##...##
##.r@....##
...##?..§.....##
#....†.?......#
######.......#.
######.$....#..
............+ .
..######....###
#.# ##.#.#
....#######.#


You could see a quokka.

Vanquished Creatures
  An endoplasm (D:1)
  A giant cockroach (D:1)
  A goblin (D:1)
  A kobold (D:1)
  A ball python (D:1)
  A frilled lizard (D:1)
  2 rats (D:1)
8 creatures vanquished.

Vanquished Creatures (others)
  17 foxfires (D:1)
17 creatures vanquished.

Grand Total: 25 creatures vanquished

Notes
Turn   | Place    | Note
-------+----------+-------------------------------------------
     0 | D:1      | Flugkiller the Ghoul Fire Elementalist began the quest for
                  | the Orb.
     0 | D:1      | Reached XP level 1. HP: 14/14 MP: 3/3
   184 | D:1      | Reached skill level 1 in Conjurations
   192 | D:1      | Reached XP level 2. HP: 18/20 MP: 1/4
   206 | D:1      | HP: 1/20 [quokka (3)]
   207 | D:1      | Slain by a quokka

Illustrated notes

Levels and vault maps discovered:
D:1:      dpeg_arrival_boxes_within_box, layout_loops_corners,
          hangedman_decor_riveting, minmay_pentomino_w4

Skill      XL: |  1 |
---------------+----+-----
Conjurations   | 1 |  1.0
Dodging        | |  1.7
Stealth        | |  2.1
Spellcasting   | |  1.9
Fire Magic     | |  2.7

Action                     || total
---------------------------++-------
  Melee: Unarmed           ||    12
         Short sword       ||    17
   Cast: Foxfire           ||    10
 Armour: Robe              ||    18
  Dodge: Dodged            ||    22
